 Seeded DCSS version 0.30.1-9-gdf580d7c3d (webtiles) character file.

Game seed: 7229806256980976716 (custom seed)

7435 Psyclone the Fighter (level 11, -2/73 (81) HPs)
             Began as an Octopode Venom Mage on Oct 2, 2023.
             Slain by a two-headed ogre
             ... wielding a +0 giant club
              (19 damage)
             ... on level 10 of the Dungeon.
             The game lasted 00:30:32 (8498 turns).

Psyclone the Fighter (Octopode Venom Mage)          Turns: 8498, Time: 00:30:32

HP:   -2/73 (81)    AC:  4    Str:  8    XL:     11   Next: 15%
MP:   23/32         EV: 15    Int: 29    God:
Gold: 559           SH:  0    Dex:  9    Spells: 13/26 levels left

rFire   + . .        a - +3 Elemental Staff {rElec rF+ rC+ AC+3}
rCold   + + +        (no shield)
rNeg    + . .        (helmet restricted)
rPois   +            (no amulet)
rElec   +            e - ring of the Mage {Wiz Archmagi}
rCorr   +            f - ring "Yjoxom" {Contam rPois rC++ MP+9 Int+8 Dex-4}
SInv    .            J - ring of resist corrosion
Will    .....        I - ring of positive energy
Stlth   +++          (no ring)
HPRegen 0.32/turn    (no ring)
MPRegen 0.23/turn    (no ring)
                     (no ring)

%: wizardry (x1), archmagi
@: drained
A: almost no armour, amphibious, 8 rings, camouflage 1, gelatinous body 1,
(nimble swimmer 1), tentacles
a: no special abilities


You were on level 10 of the Dungeon.
You visited 1 branch of the dungeon, and saw 11 of its levels.
You also visited: Ossuary and Bailey.

You collected 559 gold pieces.

Inventory:

Hand Weapons
 a - the +3 Elemental Staff (weapon) {rElec rF+ rC+ AC+3}
   (You acquired it on level 1 of the Dungeon)

   It enhances your fire, ice, earth and air magic.
   AC:        It affects your AC (+3).
   rF:        It protects you from fire.
   rC:        It protects you from cold.
   rElec:     It insulates you from electricity.
Missiles
 k - 2 throwing nets {!f}
Jewellery
 e - the ring of the Mage (left tentacle) {Wiz Archmagi}
   (You acquired it on level 1 of the Dungeon)

   [ring of wizardry]

   It improves your spell success rate.
   Archmagi:  It increases the power of your magical spells.
 f - the ring "Yjoxom" (right tentacle) {Contam rPois rC++ MP+9 Int+8 Dex-4}
   (You acquired it on level 1 of the Dungeon)

   [ring of magical power]

   Int:       It affects your intelligence (+8).
   Dex:       It affects your dexterity (-4).
   rC:        It greatly protects you from cold.
   rPois:     It protects you from poison.
   MP:        It affects your magic capacity (+9).
   Contam:    It causes magical contamination when unequipped.
 I - a ring of positive energy (on tentacle)
 J - a ring of resist corrosion (on tentacle)
Wands
 N - a wand of digging (3)
 O - a wand of charming (4)
Scrolls
 b - 3 scrolls of amnesia {unknown}
 d - 2 scrolls of teleportation {unknown}
 h - 2 scrolls of enchant armour {unknown}
 j - 2 scrolls of blinking {unknown}
 l - 10 scrolls of identify {unknown}
 p - 2 scrolls of poison {unknown}
 q - 2 scrolls of brand weapon {unknown}
 w - 5 scrolls of vulnerability {unknown}
 x - a scroll of fog {unknown}
 y - a scroll of butterflies {unknown}
 B - 3 scrolls of silence {unknown}
 D - 4 scrolls of magic mapping {unknown}
 E - 2 scrolls of torment {unknown}
 G - 2 scrolls of enchant weapon {unknown}
 H - 5 scrolls of immolation {unknown}
 L - a scroll of fear {unknown}
Potions
 c - 2 potions of magic
 g - 4 potions of might {unknown}
 i - 4 potions of mutation {unknown}
 m - 9 potions of curing {unknown}
 n - 3 potions of brilliance {unknown}
 o - a potion of invisibility {unknown}
 r - 3 potions of lignification {unknown}
 s - 4 potions of attraction {unknown}
 t - 3 potions of heal wounds
 u - 2 potions of cancellation {unknown}
 v - 3 potions of flight {unknown}
 z - a potion of berserk rage {unknown}
 A - a potion of ambrosia {unknown}
 C - a potion of degeneration {unknown}
 F - 2 potions of haste {unknown}
 K - a potion of resistance {unknown}
 M - a potion of experience


   Skills:
 - Level 10.0 Fighting
 * Level 8.3 Dodging
 - Level 2.6 Stealth
 - Level 8.0 Spellcasting
 - Level 4.0 Necromancy
 - Level 1.0 Transmutations
 - Level 8.0 Poison Magic


You had 13 spell levels left.
You knew the following spells:

 Your Spells              Type           Power      Damage    Failure   Level
a - Poisonous Vapours     Pois/Air       100%       N/A       1%          2
b - Dispel Undead         Necr           51%        3d19      3%          4
t - Cigotuvi's Dreadful   Necr/Pois/Air  100%       N/A       1%          2
v - Sting                 Tmut/Pois      100%       1d8       1%          1
x - Olgreb's Toxic Radia  Pois           72%        N/A       1%          4

Your spell library contained the following spells:

 Spells                   Type           Power      Damage    Failure   Level
 Kiss of Death            Conj/Necr      100%       2d13      1%          1
 Mephitic Cloud           Conj/Pois/Air  57%        N/A       1%          3
 Confusing Touch          Hex            17%        N/A       6%          3
 Petrify                  Tmut/Erth      32%        N/A       16%         4
 Freezing Cloud           Conj/Ice/Air   19%        6-21      43%         5
 Metabolic Englaciation   Hex/Ice        13%        N/A       43%         5
 Death Channel            Necr           25%        N/A       45%         6
 Statue Form              Tmut/Erth      21%        N/A       89%         6


Dungeon Overview and Level Annotations

Branches:
Dungeon (11/15) Zot: 26763  Temple (0/1) D:4         Ossuary (visited)
 Bailey (visited)
   Lair: D:8-11         Orc: D:9-12

Altars:
Elyvilon
Qazlal
Zin
The Shining One

Shops:
D:6 :   D:10 :


Innate Abilities, Weirdness & Mutations

You cannot wear most types of armour.
You are amphibious.
You can wear up to eight rings at the same time.
Your skin changes colour to match your surroundings (Stealth+).
Your rubbery body absorbs attacks. (AC +1, EV +1)
((You are camouflaged when in or above water. (Stealth+)))
You have tentacles for arms and can constrict up to eight enemies at once.


Message History

Poisonous vapours surround the two-headed ogre!
The two-headed ogre looks as sick as possible!
The two-headed ogre hits you with a +0 giant club!!
The two-headed ogre misses you.
You take 22 damage, and have 59/81 hp.
MASSIVE DAMAGE!!
You now have 24/32 mp.
The two-headed ogre attacks as you move away!
The two-headed ogre closely misses you. The two-headed ogre misses you.
Casting: Poisonous Vapours (safe; 1% risk of failure)
Confirm with . or Enter, or press ? or * to list all spells.
Aiming: Poisonous Vapours (safe; 1% risk of failure)
Press: ? - help, Dir - move target, f/p - two-headed ogre
Aim: a two-headed ogre, wielding two +0 giant clubs (moderately wounded, extremely poisoned)
You feel a strong surge of power!
Poisonous vapours surround the two-headed ogre!
The two-headed ogre looks as sick as possible!
You now have 23/32 mp.
The two-headed ogre attacks as you move away!
The two-headed ogre hits you with a +0 giant club!!
The two-headed ogre barely misses you.
You take 23 damage, and have 38/81 hp.
MASSIVE DAMAGE!!
Casting: Poisonous Vapours (safe; 1% risk of failure)
Confirm with . or Enter, or press ? or * to list all spells.
Okay, then.
The two-headed ogre barely misses you.
The two-headed ogre hits you with a +0 giant club!!
* * * LOW HITPOINT WARNING * * *
You take 21 damage, and have 17/81 hp.
MASSIVE DAMAGE!!
It was a potion of heal wounds.
You feel much better.
You regained 19 hp, and now have 36/81 hp.
The two-headed ogre misses you.
The two-headed ogre hits you with a +0 giant club!!
* * * LOW HITPOINT WARNING * * *
You take 20 damage, and have 16/81 hp.
MASSIVE DAMAGE!!
Casting: Poisonous Vapours (safe; 1% risk of failure)
Confirm with . or Enter, or press ? or * to list all spells.
You feel a strong surge of power!
A part of your flesh rots into a cloud of miasma!
You feel drained. The two-headed ogre closely misses you.
The two-headed ogre hits you with a +0 giant club!!
You die...

......#.##.#........
......#.##.........#
..........##.......#
#####...##.#.......#
####......#....####
#..[......#....#
#.#.#..........#
##.#.##.#..#.########
.....#..........@O..#
....................#
##+#######..........#
≈≈.≈§ ###†########
....§ #†# ...... #.#
######. #.# .§ #.# .
###.#


You could see a two-headed ogre (very poisoned).

Vanquished Creatures
  An orc warlord (Bailey)
  An orc knight (Bailey)
  A wraith (D:10)
  5 yaks (D:10)
  16 orc warriors
  A black bear (D:6)
  An ice beast (D:6)
  A sky beast (D:6)
  2 hornet zombies (Ossuary)
  An ogre (D:7)
  A centaur (D:9)
  The ghost of Ninjinzu the Insei, an amateur DjTm (D:3)
  2 kobold brigands
  2 bullfrogs
  3 wyvern zombies
  A gnoll sergeant (D:7)
  4 scorpions
  2 water moccasin zombies (Ossuary)
  3 wights (D:7)
  5 killer bees (D:9)
  A howler monkey (D:6)
  5 electric eels (D:6)
  3 bullfrog zombies (Ossuary)
  2 centaur zombies (Ossuary)
  A gnoll bouda (D:6)
  2 jellies
  8 orc priests
  3 hounds
  2 bullfrog skeletons (D:3)
  An iguana (D:6)
  2 sleepcaps
  5 orc wizards
  3 killer bee zombies (Ossuary)
  16 mummies
  2 howler monkey zombies (Ossuary)
  A howler monkey skeleton (D:3)
  9 adders
  14 gnolls
  A shadow imp (D:5)
  2 ufetubi
  3 worms
  34 orcs
  4 endoplasms
  6 giant cockroaches
  16 goblins
  15 hobgoblins
  20 jackals
  10 kobolds
  4 quokkas
  6 ball pythons
  5 bats
  A frilled lizard (D:1)
  A goblin zombie (D:4)
  An orc zombie (D:4)
  4 rats
267 creatures vanquished.

Notes
Turn   | Place    | Note
-------+----------+-------------------------------------------
     0 | D:1      | Psyclone the Octopode Venom Mage began the quest for the
                  | Orb.
     0 | D:1      | Reached XP level 1. HP: 11/11 MP: 3/3
    80 | D:1      | Identified 3 scrolls of acquirement
    80 | D:1      | Acquired the ring of the Mage {Wiz Archmagi}
    80 | D:1      | Found the ring of the Mage {Wiz Archmagi}
    86 | D:1      | Acquired the ring "Yjoxom" {Contam rPois rC++ MP+9 Int+8
                  | Dex-4}
   207 | D:1      | Acquired the +3 Elemental Staff {rElec rF+ rC+ AC+3}
   207 | D:1      | Found the +3 Elemental Staff {rElec rF+ rC+ AC+3}
   381 | D:1      | Reached XP level 2. HP: 15/17 MP: 5/5
   394 | D:1      | Reached skill level 1 in Necromancy
   397 | D:1      | Learned a level 2 spell: Poisonous Vapours
   788 | D:1      | Reached XP level 3. HP: 21/21 MP: 7/7
  1411 | D:2      | Reached XP level 4. HP: 22/27 MP: 9/9
  1771 | D:2      | Reached XP level 5. HP: 29/31 MP: 11/11
  2047 | D:3      | Learned a level 4 spell: Dispel Undead
  2052 | D:3      | Learned a level 4 spell: Olgreb's Toxic Radiance
  2134 | D:3      | Found a runed translucent gate.
  2134 | D:3      | Found a runed translucent gate.
  2134 | D:3      | Found a runed translucent gate.
  2168 | D:3      | Noticed Ninjinzu's ghost (amateur DjTm)
  2183 | D:3      | Killed Ninjinzu's ghost
  2184 | D:3      | Reached XP level 6. HP: 36/36 MP: 13/13
  2193 | D:3      | Reached skill level 5 in Spellcasting
  2330 | D:3      | Found a glowing silver altar of Zin.
  2581 | D:3      | Learned a level 2 spell: Cigotuvi's Dreadful Rot
  2618 | D:4      | Found a white marble altar of Elyvilon.
  2656 | D:4      | Found a glowing golden altar of the Shining One.
  2790 | D:4      | Found a stormy altar of Qazlal.
  2813 | D:4      | Found a staircase to the Ecumenical Temple.
  3005 | D:4      | Reached XP level 7. HP: 35/41 MP: 15/15
  3079 | D:4      | Found a sand-covered staircase.
  3084 | Ossuary  | Entered an ossuary
  3594 | Ossuary  | Reached XP level 8. HP: 42/46 MP: 18/18
  3873 | Ossuary  | Reached skill level 5 in Poison Magic
  4414 | D:5      | Entered Level 5 of the Dungeon
  4978 | D:6      | Reached XP level 9. HP: 43/51 MP: 21/21
  4985 | D:6      | Reached skill level 1 in Fighting
  4992 | D:6      | Reached skill level 2 in Fighting
  5116 | D:6      | Reached skill level 3 in Fighting
  5165 | D:6      | Found Xixtot's Book Boutique.
  5207 | D:6      | Reached skill level 4 in Fighting
  5526 | D:6      | Reached skill level 5 in Fighting
  5758 | D:6      | Reached skill level 6 in Fighting
  6452 | D:7      | Reached skill level 7 in Fighting
  6531 | D:7      | Found a flagged portal.
  6659 | D:7      | Reached skill level 8 in Fighting
  6659 | D:7      | Reached XP level 10. HP: 53/72 MP: 18/22
  6790 | D:7      | Identified the +8 trident "Idaugra" {freeze, Stlth+}
  6851 | Bailey   | Entered a bailey
  6965 | Bailey   | Reached skill level 9 in Fighting
  7304 | Bailey   | Noticed an orc warlord
  7305 | Bailey   | Noticed an orc knight
  7325 | Bailey   | Killed an orc knight
  7355 | Bailey   | Killed an orc warlord
  7445 | Bailey   | Identified the +0 chain mail of Saogadd {rC+ rN+++ Str+2
                  | Int-2}
  7942 | D:9      | Reached skill level 10 in Fighting
  8092 | D:9      | Reached XP level 11. HP: 64/81 MP: 23/23
  8097 | D:10     | Entered Level 10 of the Dungeon
  8155 | D:10     | Found Ycypaut's Book Shoppe.
  8397 | D:10     | Noticed a two-headed ogre
  8498 | D:10     | Slain by a two-headed ogre

Illustrated notes

Levels and vault maps discovered:
D:1:      spicycebolla_arrival_ecumenical, layout_loops_ring
D:2:      layout_basic
D:3:      layout_rooms, mainiacjoe_overflow_paths, gammafunk_ghost_necromancy
D:4:      layout_rooms, tso_metal_star, mainiacjoe_overflow_catwalk,
          elyvilon_altar_5, minmay_temple_entry_stoned_glass,
          nicolae_ossuary_entry_giza, minmay_misc_feat_square, minivault_4
D:5:      layout_basic
D:6:      kennysheep_six_static_rooms, layout_basic, serial_shops,
          nicolae_shop_stone, serial_bayou_lagoon_b
D:7:      layout_basic, enter_bailey_2
D:8:      minmay_recursive_quarters, layout_layer_cave
D:9:      layout_gridville, trog_book
D:10:     kb_forest_paths, layout_basic,
          nicolae_gozag_cash_rules_everything_around_me, serial_shops, shop,
          minmay_tree_intersection, kennysheep_path_1
D:11:     layout_loops_ring, grunt_lair_entry_orc_guard_hut, uniq_lodul,
          uniq_erolcha, uniq_maurice

Skill      XL: |  1  2  3  4  5  6  7  8  9 10 11 |
---------------+----------------------------------+-----
Necromancy     | 1 2 3 4 |  4.0
Spellcasting   | 3 4 5 7 8 |  8.0
Poison Magic   | 7 8 |  8.0
Fighting       | 8 10 | 10.0
Dodging        | 7 8 |  8.3
Stealth        | |  2.6
Transmutations | |  1.0

Action                     |  1- 3 |  4- 6 |  7- 9 | 10-12 || total
---------------------------+-------+-------+-------+-------++-------
  Melee: Staff             |    51 |    71 |    63 |    17 ||   202
         Constrict         |    12 |    19 |    14 |     6 ||    51
         Tentacles         |     7 |    15 |    16 |     3 ||    41
         Punch             |     1 |       |       |       ||     1
   Cast: Poisonous Vapours |    19 |    30 |    23 |    34 ||   106
         Sting             |     5 |     5 |    16 |       ||    26
         Dispel Undead     |       |     4 |    48 |     3 ||    55
         Olgreb's Toxic Ra |       |     1 |    24 |    23 ||    48
         Cigotuvi's Dreadf |       |       |     2 |     4 ||     6
    Use: Scroll            |     3 |       |       |       ||     3
         Potion            |       |       |       |     1 ||     1
   Stab: Sleeping          |     3 |     3 |     1 |       ||     7
 Armour: Skin              |    22 |    30 |    17 |     7 ||    76
  Dodge: Dodged            |    41 |    60 |    69 |    45 ||   215
